 Dungeon Crawl Stone Soup version 0.30-a0-802-gb92711bcdf (webtiles) character file.

Game seed: 799367957831967263

133 Hierobosch the Chiller (level 4, -7/24 HPs)
             Began as a Deep Elf Ice Elementalist on Feb 24, 2023.
             Mangled by a gnoll
             ... wielding a +0 halberd
              (12 damage)
             ... on level 3 of the Dungeon.
             The game lasted 00:18:57 (1946 turns).

Hierobosch the Chiller (Deep Elf Ice Elementalist)  Turns: 1946, Time: 00:18:57

Health: -7/24      AC:  2    Str:  5    XL:     4   Next: 94%
Magic:  8/12       EV: 12    Int: 22    God:
Gold:   137        SH:  0    Dex: 15    Spells: 11/12 levels left

rFire   . . .      SeeInvis .    p - +4 hand axe
rCold   . . .      Faith    .    (no shield)
rNeg    . . .      Spirit   .    a - +0 robe
rPois   .          Reflect  .    (no helmet)
rElec   .          Harm     .    (no cloak)
rCorr   .          Rampage  .    (no gloves)
Will    .....                    (no boots)
Stlth   ++                       (no amulet)
HPRegen 0.24/turn                (no ring)
MPRegen 0.13/turn                (no ring)

@: no status effects
A: no striking features
a: no special abilities


You were on level 3 of the Dungeon.
You visited 1 branch of the dungeon, and saw 3 of its levels.

You collected 137 gold pieces.

Inventory:

Hand Weapons
 h - a +0 sling
 l - a +0 dagger
 m - a +0 arbalest
 n - a +0 whip
 p - a +4 hand axe (weapon)
Missiles
 d - 5 stones
Armour
 a - a +0 robe (worn)
 f - a +0 leather armour
 q - a +0 chain mail
 u - a +0 pair of boots
 v - a +0 ring mail
Scrolls
 e - a scroll of noise {unknown}
 g - 2 scrolls of amnesia {unknown}
 i - a scroll of brand weapon {unknown}
 j - 2 scrolls of identify {unknown}
 o - a scroll of fear {unknown}
 r - a scroll of enchant armour {unknown}
 s - 2 scrolls of teleportation {unknown}
Potions
 b - a potion of magic
 c - a potion of lignification {unknown}
 k - a potion of might {unknown}
 t - 2 potions of haste {unknown}


   Skills:
 + Level 2.6 Dodging
 + Level 2.6 Stealth
 + Level 4.6 Spellcasting
 + Level 6.0 Ice Magic


You had 11 spell levels left.
You knew the following spells:

 Your Spells              Type           Power      Damage    Failure   Level
a - Freeze                Ice            100%       1d10      1%          1

Your spell library contained the following spells:

 Spells                   Type           Power      Damage    Failure   Level
 Frozen Ramparts          Ice            62%        1d10      2%          3
 Ozocubu's Armour         Ice            31%        N/A       2%          3
 Blink                    Tloc           10%        N/A       16%         2
 Summon Ice Beast         Ice/Summ       18%        N/A       30%         4
 Borgnjor's Vile Clutch   Necr/Erth      2%         N/A       96%         5
 Summon Forest            Summ/Tloc      2%         N/A       96%         5


Dungeon Overview and Level Annotations

Branches:
Dungeon (3/15)

Altars:


Message History

Press: ? - help, Shift-Dir - straight line, f - gnoll
Aim: a gnoll, wielding a +0 whip You freeze the gnoll!
The gnoll is heavily wounded.
The gnoll closely misses you.
The gnoll hits you from afar with a +0 halberd!
Ouch! That really hurt!
Casting: Freeze (safe; 1% risk of failure)
Confirm with . or Enter, or press ? or * to list all spells.
Aiming: Freeze (safe; 1% risk of failure)
Press: ? - help, Shift-Dir - straight line, f/p - gnoll
Aim: a gnoll, wielding a +0 whip (heavily wounded)
You freeze the gnoll.
The gnoll is severely wounded.
The gnoll barely misses you. The gnoll misses you.
Casting: Freeze (safe; 1% risk of failure)
Confirm with . or Enter, or press ? or * to list all spells.
Aiming: Freeze (safe; 1% risk of failure)
Press: ? - help, Shift-Dir - straight line, f/p - gnoll
Aim: a gnoll, wielding a +0 whip (severely wounded)
You freeze the gnoll.
The gnoll is severely wounded.
The gnoll hits you with a +0 whip.
* * * LOW HITPOINT WARNING * * *
The gnoll barely misses you.
Casting: Freeze (safe; 1% risk of failure)
Confirm with . or Enter, or press ? or * to list all spells.
Aiming: Freeze (safe; 1% risk of failure)
Press: ? - help, Shift-Dir - straight line, f/p - gnoll
Aim: a gnoll, wielding a +0 whip (severely wounded)
You freeze the gnoll!
You kill the gnoll!
The gnoll hits you from afar with a +0 halberd.
* * * LOW HITPOINT WARNING * * *
Your Ice Magic skill increases to level 6!
The gnoll barely misses you.
You see here a +0 whip.
The gnoll hits you from afar with a +0 halberd!
Ouch! That really hurt!
You die...

.... .......... #...
#......... #... #.......
#... ..... #... #..#
#...###.# #.# ###.g..####
#.# #..g##(....##.#
###### #@########..#.#
#....####.# #.#.#
#...).#...### #.#.#
#...........#######...##
#......####....<.......##
#......# ########....>#
#.....## ##..#...
#......# #..#### #......#
#......


You could see 2 gnolls.

Vanquished Creatures
  Jessica (D:2)
  Terence (D:2)
  2 gnolls (D:3)
  3 adders (D:2)
  A worm (D:2)
  5 ball pythons (D:1)
  An endoplasm (D:1)
  A giant cockroach (D:3)
  A goblin (D:1)
  3 hobgoblins (D:1)
  A quokka (D:1)
  10 bats
  6 frilled lizards
  3 kobolds
  3 rats (D:1)
42 creatures vanquished.

Notes
Turn   | Place    | Note
-------+----------+-------------------------------------------
     0 | D:1      | Hierobosch the Deep Elf Ice Elementalist began the quest
                  | for the Orb.
     0 | D:1      | Reached XP level 1. HP: 10/10 MP: 6/6
   179 | D:1      | Reached XP level 2. HP: 15/15 MP: 6/8
   212 | D:1      | Reached skill level 5 in Ice Magic
   479 | D:1      | Got Sif Muna's Papyrus of Talus and Shifting
   817 | D:2      | Noticed Jessica
   823 | D:2      | Killed Jessica
   824 | D:2      | Reached XP level 3. HP: 13/19 MP: 7/10
   854 | D:2      | Reached XP level 4. HP: 24/24 MP: 1/12
  1044 | D:2      | Noticed Terence
  1054 | D:2      | Killed Terence
  1943 | D:3      | Reached skill level 6 in Ice Magic
  1946 | D:3      | Mangled by a gnoll

Illustrated notes

Levels and vault maps discovered:
D:1:      spicycebolla_arrival_xxxplode, layout_basic
D:2:      layout_basic, uniq_jessica, uniq_terence
D:3:      layout_rooms, minmay_ruptured, uniq_robin, uniq_crazy_yiuf_cottage

Skill      XL: |  1  2  3  4 |
---------------+-------------+-----
Ice Magic      | 5 6 |  6.0
Spellcasting   | 4 |  4.6
Dodging        | |  2.6
Stealth        | |  2.6

Action                     |  1- 3 |  4- 6 || total
---------------------------+-------+-------++-------
  Melee: Unarmed           |     7 |       ||     7
         Hand axe          |       |    21 ||    21
         Whip              |       |     8 ||     8
   Cast: Freeze            |    43 |    17 ||    60
   Stab: Sleeping          |       |     2 ||     2
 Armour: Robe              |     5 |     4 ||     9
  Dodge: Dodged            |    22 |    44 ||    66

Table legend: (Time is in decaauts)
 A = Elapsed time spent in this place.
 B = Non-inter-level travel time spent in this place.
 C = Inter-level travel time spent in this place.
 D = Time resting spent in this place.
 E = Time spent auto-exploring this place.
 F = Levels seen in this place.
 G = Mean time per level.
                   A        B        C        D        E       F      G
               +--------+--------+--------+--------+--------+-----+--------+
         Total |   1950 |   1780 |    170 |      0 |      0 |   3 |  650.0 |
       Dungeon |   1950 |   1780 |    170 |      0 |      0 |   3 |  650.0 |
               +--------+--------+--------+--------+--------+-----+--------+

Top non-repeatable levels by time:
     D:1: 938 daAuts
     D:2: 897 daAuts
     D:3: 114 daAuts
